 Dungeon Crawl Stone Soup version 0.30.1-9-gdf580d7c3d (webtiles) character file.

Game seed: 10751546218528020331

35 booth the Chopper (level 3, 0/30 HPs)
             Began as a Hill Orc Reaver on Oct 2, 2023.
             Succumbed to an adder's poison
             ... on level 2 of the Dungeon.
             The game lasted 00:05:29 (1175 turns).

booth the Chopper (Hill Orc Reaver)                 Turns: 1175, Time: 00:05:30

Health: 0/30       AC:  4    Str: 14    XL:     3   Next: 33%
Magic:  5/5        EV: 11    Int: 13    God:
Gold:   86         SH:  0    Dex: 11    Spells: 2/5 levels left

rFire   . . .        a - +0 hand axe
rCold   . . .        (no shield)
rNeg    . . .        b - +0 leather armour
rPois   .            (no helmet)
rElec   .            (no cloak)
rCorr   .            (no gloves)
SInv    .            c - +0 pair of boots
Will    .....        (no amulet)
Stlth   +            (no ring)
HPRegen 0.25/turn    (no ring)
MPRegen 0.09/turn

%: no passive effects
@: lethally poisoned (0 -> -6)
A: no striking features
a: no special abilities


You were on level 2 of the Dungeon.
You visited 1 branch of the dungeon, and saw 2 of its levels.

You collected 86 gold pieces.

Inventory:

Hand Weapons
 a - a +0 hand axe (weapon)
Armour
 b - a +0 leather armour (worn)
 c - a +0 pair of boots (worn)
 f - a +0 ring mail
Scrolls
 d - 2 scrolls of blinking
 e - a scroll of magic mapping
 g - a scroll of fear


   Skills:
 + Level 2.7 Fighting
 * Level 4.6 Axes
 + Level 1.7 Dodging
 + Level 1.8 Spellcasting
 + Level 3.2 Conjurations
 + Level 1.1 Invocations


You had 2 spell levels left.
You knew the following spells:

 Your Spells              Type           Power      Damage    Failure   Level
a - Kiss of Death         Conj/Necr      20%        2d7       17%         1
b - Momentum Strike       Conj/Tloc      10%        3d8       26%         2

Your spell library contained the following spells:

 Spells                   Type           Power      Damage    Failure   Level
 Hailstorm                Conj/Ice       5%         3d4       45%         3


Dungeon Overview and Level Annotations

Branches:
Dungeon (2/15)

Altars:


Message History

You closely miss the adder.
You feel sick. The adder bites you but does no damage.
The adder completely misses you. The adder closely misses you.
You closely miss the adder.
The adder is moderately wounded.
You barely miss the adder.
You feel sick. The adder bites you but does no damage.
The adder barely misses you. The adder bites you.
You are more poisoned.
The adder poisons you!
You closely miss the adder.
The adder is moderately wounded.
You closely miss the adder.
You feel sick. The adder barely misses you. The adder bites you.
You hit the adder.
The adder is severely wounded.
You miss the adder.
You feel sick. The adder barely misses you.
The adder bites you but does no damage. The adder barely misses you.
You closely miss the adder.
The adder is severely wounded.
You hit the adder.
You kill the adder!
You feel sick. The adder completely misses you.
The adder bites you but does no damage.
You feel sick. The adder bites you but does no damage.
You see here an adder corpse.
You feel sick. The adder bites you but does no damage.
You completely miss the adder.
The adder is heavily wounded.
You feel sick. The adder bites you.
* * * LOW HITPOINT WARNING * * *
You are lethally poisoned!
The adder poisons you! The adder barely misses you.
You miss the adder.
The adder is heavily wounded.
* * * LOW HITPOINT WARNING * * *
You feel sick. The adder bites you but does no damage.
You barely miss the adder.
The adder is heavily wounded.
You die...

###########
#..........
##.......... #. ###
####........... #.#..
#..'......#####
#...####.##......#
#...†@...##....###
##...S.[.......#
#...>...#......# #####
#.#.#####..[..####....
..... ####...).....)#
)..... #......####.#.#
..###.#
##.............# .. ..
#...<......#####
###..####...# #


You could see an adder.

Vanquished Creatures
  An adder (D:2)
  3 dart slugs
  2 bats
  An endoplasm (D:1)
  2 goblins
  2 hobgoblins (D:1)
  2 jackals (D:1)
  A ball python (D:1)
  3 frilled lizards
  A kobold (D:1)
  3 rats (D:1)
21 creatures vanquished.

Notes
Turn   | Place    | Note
-------+----------+-------------------------------------------
     0 | D:1      | booth the Hill Orc Reaver began the quest for the Orb.
     0 | D:1      | Reached XP level 1. HP: 18/18 MP: 3/3
     4 | D:1      | Noticed a death yak
   115 | D:1      | Reached XP level 2. HP: 25/25 MP: 4/4
   820 | D:1      | Noticed an elephant
   994 | D:2      | Learned a level 2 spell: Momentum Strike
  1118 | D:2      | Reached XP level 3. HP: 30/30 MP: 5/5
  1119 | D:2      | Reached skill level 1 in Invocations
  1175 | D:2      | Succumbed to an adder's poison

Illustrated notes

Levels and vault maps discovered:
D:1:      sevenhm_arrival_forest_fort_small_2, layout_loops_ring, serial_forest,
          infiniplex_forest_fountain, infiniplex_forest_lined_corner,
          infiniplex_forest_zigzag_2, infiniplex_forest_lined_3,
          infiniplex_forest_clump_diagonal, infiniplex_forest_straight_2,
          wad_floor_pattern_1
D:2:      minmay_chambers_of_twos, layout_basic, minmay_pentomino_z4

Skill      XL: |  1  2  3 |
---------------+----------+-----
Invocations    | 1 |  1.1
Fighting       | |  2.7
Axes           | |  4.6
Dodging        | |  1.7
Spellcasting   | |  1.8
Conjurations   | |  3.2

Action                     || total
---------------------------++-------
  Melee: Hand axe          ||    72
         Punch             ||     1
    Use: Scroll            ||     4
 Armour: Leather armour    ||    28
  Dodge: Dodged            ||    48
